AoeStats
← Random

MegaRandom

504398582Analyzed
4v4 RM · 28d ago on Sep 5, 2026· 41m 33s· 8 players
Game mode
Random Map
Map size
Large (8 player)
Population
200
Speed
Normal
Resources
Standard
Victory
Conquest
Starting age
Dark Age
Ending age
Imperial Age
RankedLock teamsTeams togetherTeam positionsShared explorationLock speedFull tech treeHidden civsTurbo modeCheats
Victory
Defeat
🇧🇬 Japanese · Bulgaria
1743
+17
🇲🇽 Portuguese · Mexico
1647
+21
🇹🇼 Malians · Taiwan
1565
+25
🇺🇸 Poles · United States
1550
+24
🇨🇷 Bengalis · Costa Rica
1837
-23
🇨🇷 Wu · Costa Rica
1756
-22
🇨🇷 Malay · Costa Rica
1735
-21
🇨🇷 Franks · Costa Rica
1727
-21
Rv
14:47 Feudal Age
18:25 Castle Age
16:42 Fishing Lines
17:08 Double-Bit Axe
17:12 Horse Collar
19:38 Bow Saw
19:29 Heavy Plow
19:55 Town Watch
20:15 Heavy Plow
20:42 Heavy Plow
24:51 Wheelbarrow
24:02 Loom
25:05 Caravan
26:44 Scale Barding Armor
32:41 Imperial Age
30:24 Forging
30:08 Gold Mining
30:13 Stone Mining
30:21 Light Cavalry
31:12 Bloodlines
31:02 Husbandry
31:59 Chain Barding Armor
33:59 Plate Barding Armor
34:00 Iron Casting
36:51 Coinage
37:44 Blast Furnace
38:11 Hand Cart
38:57 Two-Man Saw
38:27 Crop Rotation
40:21 Crop Rotation
40:27 Stone Shaft Mining
40:46 Banking
40:55 Guilds
Random
11:02 Loom
13:41 Feudal Age
14:26 Double-Bit Axe
16:33 Fletching
18:24 Horse Collar
21:11 Castle Age
22:54 Bow Saw
22:44 Heavy Plow
27:31 Wheelbarrow
26:42 Town Watch
26:57 Gold Mining
31:15 Hand Cart
30:53 Gold Mining
34:10 Imperial Age
34:00 Scale Barding Armor
34:05 Forging
34:25 Capped Ram
35:32 Chain Barding Armor
36:13 Iron Casting
36:38 Conscription
37:11 Husbandry
37:29 Bloodlines
36:40 Light Cavalry
Zni.Locuss
4:48 Loom
13:29 Feudal Age
14:40 Double-Bit Axe
17:22 Castle Age
19:06 Medium Warships
19:42 Town Watch
19:52 Horse Collar
23:37 Wheelbarrow
26:54 Scale Mail Armor
26:18 Pikeman
26:59 Squires
31:21 Fletching
32:15 Chain Mail Armor
33:42 Bodkin Arrow
35:12 Ballistics
38:27 Imperial Age
36:38 Ballistics
37:22 Bow Saw
37:13 Heavy Plow
37:05 Stone Mining
37:06 Gold Mining
37:40 Forging
37:47 Gambesons
38:31 Halberdier
39:43 Plate Mail Armor
39:36 Conscription
42:07 Iron Casting
鼠條
10:06 Loom
13:11 Feudal Age
17:03 Castle Age
15:23 Horse Collar
17:03 Double-Bit Axe
21:06 Bloodlines
21:53 Wheelbarrow
25:39 Husbandry
26:06 Scale Barding Armor
25:34 Light Cavalry
26:59 Stone Mining
28:45 Stone Shaft Mining
29:40 Heavy Plow
36:33 Imperial Age
35:07 Forging
36:13 Chain Barding Armor
37:22 Farimba
37:45 Conscription
38:58 Plate Barding Armor
39:29 Iron Casting
DS_John III
14:23 Feudal Age
12:40 Loom
14:26 Feudal Age
15:55 Double-Bit Axe
16:11 Fishing Lines
19:14 Castle Age
20:17 Bow Saw
21:17 Fletching
29:16 Bodkin Arrow
34:18 Imperial Age
33:49 Gold Mining
35:11 Scale Barding Armor
35:35 Forging
35:18 Gillnets
36:49 Light Cavalry
38:12 Bloodlines
38:03 Husbandry
38:26 Chain Barding Armor
CR | Harahgon
13:56 Loom
15:41 Feudal Age
19:08 Castle Age
17:27 Fishing Lines
20:42 Double-Bit Axe
21:59 Fletching
22:54 Bodkin Arrow
27:07 Horse Collar
31:34 Bow Saw
31:25 Heavy Plow
32:01 Sanctity
32:41 Wheelbarrow
32:23 Gold Mining
32:43 Padded Archer Armor
36:24 Imperial Age
34:44 Forging
34:36 Squires
33:58 Man-at-Arms
34:47 Caravan
34:40 Arson
34:31 Pikeman
36:25 Ballistics
37:07 Chemistry
38:21 Halberdier
salserin con mucho swin
9:50 Loom
12:17 Feudal Age
12:45 Double-Bit Axe
14:25 Fletching
19:16 Town Watch
22:05 Castle Age
23:06 Medium Warships
23:15 Bow Saw
24:53 Wheelbarrow
24:00 Horse Collar
25:21 Bodkin Arrow
26:24 Hand Cart
28:15 Fishing Lines
30:46 Gold Mining
30:49 Stone Mining
32:04 Caravan
32:00 Guard Tower
32:11 Padded Archer Armor
34:08 Heavy Plow
38:19 Imperial Age
37:28 Scale Barding Armor
37:34 Forging
37:41 Light Cavalry
38:31 Bloodlines
38:22 Husbandry
39:42 Iron Casting
40:10 Ballistics
40:16 Chain Barding Armor
41:17 Murder Holes
CR | Domador de Puercas
5:08 Loom
13:29 Feudal Age
15:19 Town Watch
17:52 Castle Age
17:16 Double-Bit Axe
24:05 Scale Barding Armor
29:27 Chain Barding Armor
31:45 Forging
32:32 Light Cavalry
32:59 Light Cavalry
38:40 Husbandry
42:18 Imperial Age
Connection lost

Rejoining the realm…

Still unreachable

The connection could not be restored.

Session expired

The server has moved on; the page needs a fresh start.